Construct Section Command Post
Selects Heavy Armor Battlegroup
Construct Platoon Command Post
Selects Engineer Detachments
6-pounder Anti-tank Gun Team
Selects Light Vehicle Withdraw and Refit
Selects Forward Repair Assembly
Unlock Bishop Self-propelled Artillery
Light Vehicle Withdraw and Refit
Bishop Self-propelled Artillery
Bishop Self-propelled Artillery
Bishop Self-propelled Artillery
Light Vehicle Withdraw and Refit
Construct Company Command Post
Selects UNKNOWN (2162094)